 Dungeon Crawl Stone Soup version 0.30-a0-174-gbc10bd73c2 (webtiles) character file.

Game seed: 6731468576163460001

2896 qw the Cleaver (level 9, -7/57 HPs)
             Began as a Gargoyle Fighter on Oct 1, 2022.
             Mangled by an orc warrior
             ... wielding a +0 glaive
              (9 damage)
             ... on level 7 of the Dungeon.
             The game lasted 00:02:09 (5525 turns).

qw the Cleaver (Gargoyle Fighter)                   Turns: 5525, Time: 00:02:09

Health: -7/57      AC: 21    Str: 34    XL:     9   Next: 77%
Magic:  9/9        EV:  9    Int:  6    God:
Gold:   343        SH:  5    Dex: 12    Spells: 8/8 levels left

rFire   + . .      SeeInvis .    Y - +0 war axe
rCold   . . .      Faith    .    c - +0 buckler
rNeg    + . .      Spirit   .    k - +0 chain mail
rPois   inf        Reflect  .    l - +0 helmet
rElec   +          Harm     .    b - +1 cloak
rCorr   .          Rampage  .    (no gloves)
Will    .....                    a - +0 pair of boots
Stlth   ..........               (no amulet)
HPRegen 0.29/turn                g - +6 ring of strength
MPRegen 0.11/turn                (no ring)

@: about to teleport
A: sickness immunity, AC +6, negative energy resistance 1, electricity
resistance, torment resistance 1, petrification resistance, agile 1, fire
resistance 1, strong 1
a: no special abilities


You were on level 7 of the Dungeon.
You visited 1 branch of the dungeon, and saw 7 of its levels.

You collected 343 gold pieces.


Innate Abilities, Weirdness & Mutations

You are immune to sickness and miasma.
Your stone body is resilient. (AC +6)
You are immune to poison.
You resist negative energy. (rN+)
You are resistant to electric shocks. (rElec)
You are resistant to unholy torment.
You are immune to petrification.
You are agile. (Dex +4, Str/Int -1)
Your flesh is heat resistant. (rF+)
Your muscles are strong. (Str +4, Int/Dex -1)


   Skills:
 - Level 7.0 Fighting
 + Level 9.6 Axes
 - Level 2.0 Throwing
 - Level 5.3 Armour
 - Level 2.0 Dodging
 - Level 4.2 Shields


You had 8 spell levels left.
You didn't know any spells.
Your spell library was empty.

Inventory:

Hand Weapons
 n - a +0 morningstar
 Y - a +0 war axe (weapon)
Armour
 a - a +0 pair of boots (worn)
 b - a +1 cloak (worn)
 c - a +0 buckler (worn)
 h - a +2 ring mail of cold resistance
 k - a +0 chain mail (worn)
 l - a +0 helmet (worn)
Jewellery
 g - a +6 ring of strength (left hand)
Scrolls
 j - 2 scrolls of identify
Potions
 d - a potion of might
 i - a potion of mutation
 m - a potion of lignification
 p - 2 potions of resistance

Dungeon Overview and Level Annotations

Branches:
Dungeon (7/15)             Temple (0/1) D:6

Altars:
Elyvilon
Zin

Annotations:
D:3 2 transporters, qw's ghost, amateur GrFi


Message History

The orc warrior is moderately wounded.
You block the orc warrior's attack.
You barely miss the orc warrior.
The orc warrior is moderately wounded.
The orc warrior hits you with a +0 glaive!
You barely miss the orc warrior.
The orc warrior is moderately wounded.
The orc warrior barely misses you.
You hit the orc warrior but do no damage.
The orc warrior is moderately wounded.
The orc wizard casts a spell.
The orc wizard flickers and vanishes!
Deactivating autopickup; reactivate with Ctrl-A.
The orc warrior hits you with a +0 glaive!
You slash the orc warrior!
The orc warrior is severely wounded.
The orc warrior barely misses you.
You completely miss the orc warrior.
The orc warrior is severely wounded.
The orc warrior hits you with a +0 glaive.
You barely miss the orc warrior.
The orc warrior is severely wounded.
The orc warrior misses you. The orc warrior completely misses you.
You hit the orc warrior but do no damage.
The orc warrior is severely wounded.
The orc warrior hits you with a +0 glaive!
You hit the orc warrior but do no damage.
The orc warrior is severely wounded.
The orc warrior hits you with a +0 glaive!
You hit the orc warrior but do no damage.
The orc warrior is severely wounded.
The orc warrior hits you with a +0 glaive.
5524 ||| READING scroll of teleportation.
As you read the scroll of teleportation, it crumbles to dust.
You feel strangely unstable.
The orc warrior hits you with a +0 glaive!
You slash the orc warrior!
The orc warrior is almost dead.
The orc warrior hits you with a +0 glaive!
You die...

#.#......# #.#
#.#......# #+#
#.#......#
#....#####
###.##.##
...####.#...###
...(...........
...####.#...###
#@##.## #o# ##
#{# #.# #.# #..
#.. #.#


You could see an orc warrior.

Vanquished Creatures
  A kobold demonologist (D:6)
  Eustachio (D:6)
  4 water moccasins
  Duvessa (D:6)
  An ice beast (D:6)
  A sky beast (D:6)
  A black bear (D:5)
  4 ogres
  A centaur (D:6)
  A phantom (D:6)
  2 bullfrogs
  3 scorpions
  A necrophage (D:4)
  4 wights (D:6)
  Dowan (D:6)
  2 howler monkeys (D:6)
  4 hounds
  An orc priest (D:4)
  A jelly (D:4)
  Ijyb (D:3)
  3 iguanas
  3 orc wizards
  Robin (D:2)
  7 adders
  2 worms (D:2)
  5 dart slugs
  17 orcs
  3 ball pythons
  5 endoplasms
  A giant cockroach (D:4)
  16 goblins
  11 hobgoblins
  2 kobolds
  A quokka (D:1)
  4 bats
  4 frilled lizards
  2 rats
123 creatures vanquished.

Notes
Turn   | Place    | Note
-------+----------+-------------------------------------------
     0 | D:1      | qw the Gargoyle Fighter began the quest for the Orb.
     0 | D:1      | Reached XP level 1. HP: 14/14 MP: 1/1
     0 | D:1      | 0 ||| qw: Version: 0.2-a-13-gfc7b4b4
     0 | D:1      | 0 ||| qw: Game counter: 1918
     0 | D:1      | 0 ||| qw: Always use a shield: true
     0 | D:1      | 0 ||| qw: God list: Okawaru
     0 | D:1      | 0 ||| qw: Allow faded altars: false
     0 | D:1      | 0 ||| qw: Do Orc after D:15 true
     0 | D:1      | 0 ||| qw: Do second Lair branch before Depths: true
     0 | D:1      | 0 ||| qw: Lair rune preference: random
     0 | D:1      | 0 ||| qw: Plans: Normal, Zot:1-4, God:TSO, Crypt, Tomb,
                  | Pan, Slime:5, Hells, Abyss, Orb
     0 | D:1      | 0 ||| PLANNING D:1-11
   141 | D:1      | Reached skill level 2 in Axes
   215 | D:1      | Reached XP level 2. HP: 18/19 MP: 2/2
   838 | D:1      | 838 ||| UPGRADING to +2 ring mail of cold resistance.
   848 | D:1      | 848 ||| DROPPING +0 scale mail.
   849 | D:1      | 849 ||| UPGRADING to +6 ring of strength.
   850 | D:1      | 850 ||| READING scroll labelled ESALYH FIEQAK.
  1094 | D:2      | Found a glowing silver altar of Zin.
  1106 | D:2      | Reached skill level 3 in Axes
  1122 | D:2      | Found a faded altar of an unknown god.
  1139 | D:2      | Reached XP level 3. HP: 23/23 MP: 3/3
  1342 | D:2      | Noticed Robin
  1349 | D:2      | Reached XP level 4. HP: 21/28 MP: 4/4
  1353 | D:2      | Killed Robin
  1354 | D:2      | Reached skill level 4 in Axes
  1624 | D:2      | 1624 ||| UPGRADING to +0 helmet.
  1629 | D:2      | 1629 ||| READING scroll labelled ASIWKU UMOST.
  1634 | D:2      | 1634 ||| READING scroll labelled BAOSHR MEXAO.
  1635 | D:2      | 1635 ||| READING scroll labelled DEUZOLU LELI.
  1676 | D:3      | 1676 ||| Stepping ~*~*~tactically~*~*~ (hiding).
  1866 | D:3      | 1866 ||| Stepping ~*~*~tactically~*~*~ (stealth).
  1868 | D:3      | 1868 ||| Stepping ~*~*~tactically~*~*~ (stealth).
  1892 | D:3      | 1892 ||| Stepping ~*~*~tactically~*~*~ (stealth).
  1904 | D:3      | Noticed an ogre
  1905 | D:3      | Noticed qw's ghost (amateur GrFi)
  1908 | D:3      | Noticed an ogre
  1916 | D:3      | Reached XP level 5. HP: 29/32 MP: 5/5
  1946 | D:3      | Noticed Ijyb
  1947 | D:3      | 1947 ||| Stepping ~*~*~tactically~*~*~ (hiding).
  1948 | D:3      | 1948 ||| Stepping ~*~*~tactically~*~*~ (stealth).
  1963 | D:3      | Killed Ijyb
  1970 | D:3      | Reached skill level 5 in Axes
  2272 | D:3      | Identified the +6 great mace of Imminent Death {venom,
                  | Int+5 Stlth+}
  2272 | D:3      | Noticed an ogre
  2273 | D:3      | Found a transporter.
  2273 | D:3      | Found a transporter.
  2282 | D:3      | 2282 ||| UPGRADING to +0 chain mail.
  2292 | D:3      | 2292 ||| READING 3 scrolls labelled FYTUKE ZOTT.
  2293 | D:3      | 2293 ||| READING scroll labelled SOKHLIGR LIBE.
  2317 | D:3      | 2317 ||| READING scroll labelled VOQURH CANKOIT.
  2318 | D:3      | 2318 ||| DRINKING 2 coppery potions.
  2319 | D:3      | 2319 ||| DRINKING 2 bubbling clear potions.
  2319 | D:3      | Gained mutation: You are agile. (Dex +4, Str/Int -1)
                  | [potion of mutation]
  2319 | D:3      | Gained mutation: Your muscles are strong. (Str +4, Int/Dex
                  | -1) [potion of mutation]
  2319 | D:3      | Gained mutation: Your flesh is heat resistant. (rF+)
                  | [potion of mutation]
  2320 | D:3      | 2320 ||| DRINKING 2 dark potions.
  2321 | D:3      | 2321 ||| READING 2 scrolls of identify.
  2321 | D:3      | 2321 ||| IDENTIFYING golden potion
  2322 | D:3      | 2322 ||| DROPPING potion of flight.
  2489 | D:4      | Reached skill level 1 in Dodging
  2498 | D:4      | 2498 ||| Stepping ~*~*~tactically~*~*~ (stealth).
  2521 | D:4      | Found a white marble altar of Elyvilon.
  2535 | D:4      | Reached XP level 6. HP: 38/38 MP: 6/6
  2559 | D:4      | Noticed a water moccasin
  2574 | D:4      | Killed a water moccasin
  2662 | D:4      | Reached skill level 6 in Axes
  2662 | D:4      | Reached XP level 7. HP: 19/43 MP: 7/7
  2664 | D:4      | HP: 8/43 [hobgoblin/+2 mace of protection (5)]
  2715 | D:4      | 2715 ||| FLEEEEING.
  2716 | D:4      | 2716 ||| FLEEEEING.
  2717 | D:4      | 2717 ||| FLEEEEING.
  2737 | D:4      | 2737 ||| DRINKING potion of curing.
  2737 | D:4      | 2737 ||| (to cure confusion)
  2801 | D:4      | 2801 ||| DROPPING +0 mace.
  2896 | D:4      | 2896 ||| Stepping ~*~*~tactically~*~*~ (stealth).
  2898 | D:4      | 2898 ||| Stepping ~*~*~tactically~*~*~ (hiding).
  2901 | D:4      | 2901 ||| Stepping ~*~*~tactically~*~*~ (hiding).
  2926 | D:4      | 2926 ||| FLEEEEING.
  2994 | D:4      | 2994 ||| Stepping ~*~*~tactically~*~*~ (stealth).
  2996 | D:4      | 2996 ||| Stepping ~*~*~tactically~*~*~ (hiding).
  3030 | D:4      | 3030 ||| Stepping ~*~*~tactically~*~*~ (stealth).
  3056 | D:4      | 3056 ||| FLEEEEING.
  3094 | D:4      | 3094 ||| FLEEEEING.
  3095 | D:4      | 3095 ||| FLEEEEING.
  3096 | D:4      | 3096 ||| FLEEEEING.
  3319 | D:4      | 3319 ||| READING scroll labelled JUFUOG AGRA.
  3320 | D:4      | 3320 ||| READING scroll labelled XESACO GIHIPH.
  3347 | D:5      | Entered Level 5 of the Dungeon
  3389 | D:5      | Reached skill level 7 in Axes
  3514 | D:5      | 3514 ||| Stepping ~*~*~tactically~*~*~ (hiding).
  3951 | D:5      | 3951 ||| Stepping ~*~*~tactically~*~*~ (stealth).
  3961 | D:5      | Reached XP level 8. HP: 40/50 MP: 8/8
  4177 | D:5      | 4177 ||| UPGRADING to +0 pair of boots.
  4182 | D:5      | 4182 ||| READING 3 scrolls of identify.
  4182 | D:5      | 4182 ||| IDENTIFYING fuming pink potion
  4183 | D:5      | 4183 ||| DROPPING potion of degeneration.
  4238 | D:6      | Noticed Eustachio
  4251 | D:6      | Reached skill level 8 in Axes
  4254 | D:6      | 4254 ||| FLEEEEING.
  4255 | D:6      | 4255 ||| FLEEEEING.
  4256 | D:6      | 4256 ||| FLEEEEING.
  4257 | D:6      | 4257 ||| FLEEEEING.
  4260 | D:6      | 4260 ||| STAIRDANCE
  4349 | D:6      | 4349 ||| Stepping ~*~*~tactically~*~*~ (stealth).
  4368 | D:6      | Killed Eustachio
  4369 | D:6      | Reached skill level 6 in Fighting
  4428 | D:6      | Reached XP level 9. HP: 30/56 MP: 9/9
  4499 | D:6      | 4499 ||| FLEEEEING.
  4500 | D:6      | 4500 ||| FLEEEEING.
  4501 | D:6      | 4501 ||| FLEEEEING.
  4502 | D:6      | 4502 ||| FLEEEEING.
  4503 | D:6      | 4503 ||| FLEEEEING.
  4504 | D:6      | 4504 ||| FLEEEEING.
  4505 | D:6      | 4505 ||| FLEEEEING.
  4793 | D:6      | Reached skill level 9 in Axes
  4796 | D:6      | Found a staircase to the Ecumenical Temple.
  5001 | D:6      | 5001 ||| Stepping ~*~*~tactically~*~*~ (hiding).
  5002 | D:6      | 5002 ||| Stepping ~*~*~tactically~*~*~ (hiding).
  5028 | D:6      | Noticed Dowan
  5029 | D:6      | Noticed Duvessa
  5037 | D:6      | Killed Dowan
  5042 | D:6      | Killed Duvessa
  5168 | D:6      | 5168 ||| DROPPING +2 mace of protection.
  5235 | D:6      | Noticed a kobold demonologist
  5236 | D:6      | 5236 ||| Stepping ~*~*~tactically~*~*~ (stealth).
  5244 | D:6      | Killed a kobold demonologist
  5361 | D:6      | 5361 ||| UPGRADING to +1 cloak.
  5366 | D:6      | 5366 ||| READING 3 scrolls of identify.
  5366 | D:6      | 5366 ||| IDENTIFYING amethyst potion
  5410 | D:7      | 5410 ||| STAIRDANCE
  5501 | D:7      | 5501 ||| Stepping ~*~*~tactically~*~*~ (stealth).
  5523 | D:7      | HP: 13/57 [orc warrior/+0 glaive (5)]
  5524 | D:7      | 5524 ||| READING scroll of teleportation.
  5524 | D:7      | HP: 2/57 [orc warrior/+0 glaive (11)]
  5525 | D:7      | Mangled by an orc warrior

Levels and vault maps discovered:
D:1:      lemuel_arrival_hallway, layout_loops_ring, serial_aquarium,
          aquarium_bridge_long_joined [aquarium_subvault_window,
          aquarium_subvault_bridge, aquarium_subvault_bridge,
          aquarium_subvault_wall, aquarium_subvault_bridge,
          aquarium_subvault_wall], aquarium_window_2, aquarium_window_1,
          aquarium_window_fake, aquarium_view_2e, aquarium_view_2g,
          aquarium_balcony_double_1, aquarium_pool_S
D:2:      layout_loops_ring, basic_ecumenical_altar, basic_altar,
          minmay_goblin_kobold_house, uniq_robin
D:3:      layout_rooms, gammafunk_ghost_smash, uniq_ijyb
D:4:      layout_basic, mainiacjoe_overflow_concentric_impassable
D:5:      layout_basic
D:6:      layout_loops_ring, minmay_temple_entry_slanted, st_stairs_3,
          kennysheep_generic_room_10, uniq_eustachio, uniq_duvessa
D:7:      layout_loops_corners

Skill      XL: |  1  2  3  4  5  6  7  8  9 |
---------------+----------------------------+-----
Axes           | 2 3 4 5 6 7 8 9 |  9.6
Dodging        | 1 2 |  2.0
Fighting       | 4 5 6 7 |  7.0
Throwing       | 2 |  2.0
Armour         | 4 5 |  5.3
Shields        | 4 |  4.2

Action                   |  1- 3 |  4- 6 |  7- 9 || total
-------------------------+-------+-------+-------++-------
Melee: War axe           |    84 |    91 |   232 ||   407
Throw: Boomerang         |    18 |    29 |    49 ||    96
  Use: Scroll            |     1 |     7 |     5 ||    13
       Potion            |       |     3 |     1 ||     4
Armor: Scale mail        |    19 |       |       ||    19
       Ring mail         |    25 |    21 |       ||    46
       Chain mail        |       |    17 |   122 ||   139
Dodge: Dodged            |    37 |    40 |    97 ||   174
Block: Buckler           |    18 |    16 |    46 ||    80

Table legend:
 A = Non-vault XP
 B = Vault XP
 C = Vault XP percentage of total XP
 D = Non-vault monster count
 E = Vault monster count
 F = Vault count percentage of total count
                 A         B        C        D         E       F
            +---------+---------+-------+---------+---------+-------
      Total |    3180 |     958 |  23.2 |     100 |      23 |  18.7
            +---------+---------+-------+---------+---------+-------
        D:1 |      25 |       0 |   0.0 |      14 |       0 |   0.0
        D:2 |      55 |      41 |  42.7 |      14 |      15 |  51.7
        D:3 |      72 |      36 |  33.3 |      12 |       1 |   7.7
        D:4 |     726 |       0 |   0.0 |      26 |       0 |   0.0
        D:5 |     595 |       0 |   0.0 |      12 |       0 |   0.0
        D:6 |    1581 |     881 |  35.8 |      18 |       7 |  28.0
        D:7 |     126 |       0 |   0.0 |       4 |       0 |   0.0
            +---------+---------+-------+---------+---------+-------
